 Dungeon Crawl Stone Soup version 0.26-a0-1038-gfb849e850a (console) character file.

Game seed: 14114816495650452733

(classic levelgen) 3915 Duffy the Blocker (level 10, -2/70 HPs)
             Began as a Formicid Fighter on Dec 11, 2020.
             Was an Elder of Qazlal.
             Slain by an orc wizard
             ... wielding a +0 hand axe
              (3 damage)
             ... on level 7 of the Dungeon.
             The game lasted 00:09:31 (7096 turns).

Duffy the Blocker (Formicid Fighter)                Turns: 7096, Time: 00:09:31

Health: -2/70      AC: 18    Str: 21    XL:     10   Next: 43%
Magic:  4/16       EV:  6    Int:  9    God:    Qazlal [****..]
Gold:   380        SH: 24    Dex: 12    Spells: 9/9 levels left

rFire    . . .     SeeInvis +   a - +2 war axe
rCold    + . .     Faith    .   g - +2 tower shield
rNeg     . . .     Spirit   .   z - +0 plate armour
rPois    +         Reflect  .   (helmet unavailable)
rElec    .         Harm     .   r - +0 cloak
rCorr    .         Rampage  .   (no gloves)
Will     +....     Clarity  +   (no boots)
Stlth    ..........             o - amulet of magic regeneration
HPRegen  0.21/turn              q - ring of poison resistance
MPRegen  0.40/turn              v - +4 ring of protection

@: repel missiles
A: permanent stasis, dig shafts and tunnels, four strong arms, antennae 3,
hooves 1, repulsion field 1, clarity, cold resistance 1, wild magic 1
a: Dig, Shaft Self, Upheaval, Elemental Force, Renounce Religion


You were on level 7 of the Dungeon.
You worshipped Qazlal.
Qazlal was greatly pleased with you.
You visited 2 branches of the dungeon, and saw 8 of its levels.
You also visited: Ossuary.

You collected 520 gold pieces.
You spent 140 gold pieces at shops.

Inventory:

Hand Weapons
 a - a +2 war axe (weapon)
 b - a +2 dire flail of draining
 s - a +3 whip of venom
 H - a cursed +5 dire flail
Missiles
 t - 2 curare-tipped darts
Armour
 g - a +2 tower shield (worn)
 r - a +0 cloak (worn)
 z - a +0 plate armour (worn)
Jewellery
 k - an uncursed ring of protection from fire
 o - an amulet of magic regeneration (around neck)
 q - a ring of poison resistance (left hand)
 v - a +4 ring of protection (right hand)
 B - an uncursed ring of magical power
 C - an uncursed ring of fire
Wands
 l - a wand of acid (15)
 p - a wand of polymorph (24)
 w - a wand of digging (5)
 y - a wand of enslavement (11)
Scrolls
 e - 7 scrolls of remove curse
 h - 3 scrolls of enchant armour
 D - a scroll of identify
 G - a scroll of immolation {unknown}
Potions
 c - 5 potions of degeneration
 d - 2 potions of might
 f - a potion of brilliance {unknown}
 i - a potion of magic {unknown}
 j - 2 potions of lignification
 m - 2 potions of curing
 n - 2 potions of cancellation
 u - a potion of ambrosia {unknown}
 x - 2 potions of mutation
 A - a potion of heal wounds {unknown}
 E - a potion of flight {unknown}
 F - a potion of invisibility


   Skills:
 - Level 3.2 Fighting
 + Level 8.0 Axes
 + Level 6.6 Armour
 + Level 9.9 Shields
 + Level 8.4 Invocations
 - Level 3.3 Evocations


You had 9 spell levels left.
You didn't know any spells.
Your spell library contained the following spells:

 Spells                   Type           Power        Failure   Level
 Corona                   Hex            #......      100%        1
 Magic Dart               Conj           #...         100%        1
 Call Imp                 Summ           #.......     100%        2
 Slow                     Hex            #.......     100%        2
 Conjure Flame            Conj/Fire      #.......     100%        3
 Inner Flame              Hex/Fire       #.......     100%        3
 Mephitic Cloud           Conj/Pois/Air  #.......     100%        3
 Portal Projectile        Hex/Tloc       #.....       100%        3
 Cause Fear               Hex            #.........   100%        4
 Leda's Liquefaction      Hex/Erth       #.........   100%        4
 Blink                    Tloc           Unusable     N/A         2

Dungeon Overview and Level Annotations

Branches:
Dungeon (7/15)             Temple (1/1) D:6         Ossuary (visited)

Altars:
Ashenzari
Cheibriados
Dithmenos
Elyvilon
Fedhas
Gozag
Hepliaklqana
Kikubaaqudgha
Makhleb
Nemelex Xobeh
Okawaru
Qazlal
Ru
Sif Muna
Trog
Uskayaw
Vehumet
Xom
Yredelemnul
Zin
The Shining One

Shops:
D:5 (   D:7 *:(


Innate Abilities, Weirdness & Mutations

You cannot be hasted, slowed, berserked, paralysed or teleported.
You can dig through walls and to a lower floor.
Your four strong arms can wield two-handed weapons with a shield.
You have a pair of large antennae on your head. (SInv)
You have large cloven feet.
You are surrounded by a mild repulsion field. (EV +2)
You possess an exceptional clarity of mind.
Your flesh is cold resistant. (rC+)
Your spells are a little harder to cast, but a little more powerful.


Message History

You hit the eye of draining but do no damage.
You slash the bullfrog!
You kill the bullfrog!
Qazlal accepts your kill.
You closely miss the vampire mosquito.
You block the vampire mosquito's attack.
The deep elf mage mumbles some strange words.
The deep elf mage blinks!
You block the vampire mosquito's attack.
The eye of draining gazes at you.
You feel your power leaking away. The deep elf mage barely misses you.
You block the orc wizard's attack.
Your Axes skill increases to level 8!
You barely miss the deep elf mage.
The deep elf mage is lightly wounded.
You hit the eye of draining. You closely miss the orc wizard.
You closely miss the vampire mosquito.
You block the vampire mosquito's attack. x2
The orc wizard hits you with a +0 hand axe.
You die...

.....# #...# #.#.
.....# #.).# #.#.
.....# ##### #...
.....##### ## ###.
.........## #####.
{#. ########..#
#.#.' # {#. ##.##
##..####'#### #.
#..# #.0e#G0.....#
{#.
##.####'#@o0G..}.#
{#.
#.#888.##y...}..#
#.
#.'....8#0..}...'
{ #.
###888.##..}....#
#. ####+##.}...}.#
#. #.......#
####'#### { .#


You could see a deep elf mage, 2 eyes of draining, a vampire mosquito and an orc
wizard (fast).

Vanquished Creatures
  A two-headed ogre (D:7)
  Edmund (D:4)
  A water moccasin (D:6)
  2 sky beasts (D:7)
  A hornet zombie (Ossuary)
  A phantom (D:5)
  2 ogres
  An ice beast (D:7)
  5 big kobolds
  A wyvern zombie (Ossuary)
  6 bullfrogs
  2 scorpions
  5 killer bees (D:7)
  5 wights (D:7)
  A howler monkey (D:5)
  A centaur zombie (Ossuary)
  4 bullfrog zombies
  A quasit (D:5)
  An orc priest (D:7)
  A centaur skeleton (D:4)
  Crazy Yiuf (D:6)
  Jessica (D:2)
  2 bullfrog skeletons
  An iguana (D:5)
  An orc wizard (D:3)
  A worker ant (D:7)
  2 killer bee zombies (Ossuary)
  2 hound zombies (Ossuary)
  10 mummies (Ossuary)
  3 howler monkey zombies
  3 worker ant zombies (Ossuary)
  Robin (D:3)
  12 gnolls (D:3)
  9 adders
  An ufetubus (D:5)
  2 adder zombies (Ossuary)
  3 worms
  3 dart slugs (D:3)
  12 orcs
  7 giant cockroaches
  32 goblins
  36 hobgoblins
  6 jackals
  14 kobolds
  2 quokkas
  2 ball pythons
  A ball python skeleton (D:4)
  2 ball python zombies (Ossuary)
  4 bats
  5 frilled lizards
  A giant cockroach zombie (Ossuary)
  3 jackal zombies
  2 leopard gecko skeletons
  A leopard gecko zombie (Ossuary)
  11 rats
242 creatures vanquished.

Vanquished Creatures (others)
  A black bear (D:6)
  A quokka (D:6)
  4 withered plants (Ossuary)
6 creatures vanquished.

Grand Total: 248 creatures vanquished

Notes
Turn   | Place    | Note
-------+----------+-------------------------------------------
     0 | D:1      | Duffy the Formicid Fighter began the quest for the Orb.
     0 | D:1      | Reached XP level 1. HP: 18/18 MP: 1/1
    99 | D:1      | Reached XP level 2. HP: 21/24 MP: 2/2
   100 | D:1      | Reached skill level 4 in Shields
   273 | D:1      | Reached XP level 3. HP: 21/29 MP: 3/3
   794 | D:1      | Gained mutation: You are surrounded by a mild repulsion
                  | field. (EV +2) [potion of mutation]
   794 | D:1      | Gained mutation: Your muscles are strong. (Str +2) [potion
                  | of mutation]
  1021 | D:2      | Reached XP level 4. HP: 31/35 MP: 4/4
  1175 | D:2      | Found a stormy altar of Qazlal.
  1185 | D:2      | Noticed Jessica
  1192 | D:2      | Killed Jessica
  1193 | D:2      | Reached skill level 5 in Shields
  1266 | D:2      | Became a worshipper of Qazlal Stormbringer
  1531 | D:2      | Reached XP level 5. HP: 32/41 MP: 5/5
  1747 | D:3      | Reached skill level 1 in Invocations
  1747 | D:3      | Reached skill level 1 in Evocations
  1766 | D:3      | Reached XP level 6. HP: 35/47 MP: 7/7
  1859 | D:3      | Noticed Robin
  1865 | D:3      | Killed Robin
  1870 | D:3      | Reached * piety under Qazlal
  2027 | D:3      | Reached skill level 6 in Shields
  2027 | D:3      | Reached XP level 7. HP: 28/52 MP: 7/9
  2046 | D:3      | Reached ** piety under Qazlal
  2520 | D:3      | Found a broken altar of Ashenzari.
  3296 | D:4      | Noticed Edmund
  3309 | D:4      | Killed Edmund
  3310 | D:4      | Reached skill level 5 in Axes
  3310 | D:4      | Reached XP level 8. HP: 36/58 MP: 9/11
  3557 | D:4      | Found a bloodstained altar of Trog.
  3634 | D:4      | Found a blossoming altar of Fedhas.
  3716 | D:4      | Reached *** piety under Qazlal
  3858 | D:5      | Entered Level 5 of the Dungeon
  3908 | D:5      | Reached skill level 7 in Shields
  4183 | D:5      | Reached skill level 5 in Invocations
  4183 | D:5      | Lost mutation: Your muscles are strong. (Str +2) [potion of
                  | mutation]
  4183 | D:5      | Gained mutation: You possess an exceptional clarity of
                  | mind. [potion of mutation]
  4183 | D:5      | Gained mutation: Your spells are a little harder to cast,
                  | but a little more powerful. [potion of mutation]
  4183 | D:5      | Gained mutation: You have large cloven feet. [potion of
                  | mutation]
  4183 | D:5      | Gained mutation: Your flesh is cold resistant. (rC+)
                  | [potion of mutation]
  4443 | D:5      | Found Waqanisa's Weapon Shop.
  4473 | D:5      | Found a sparkling altar of Nemelex Xobeh.
  5299 | D:6      | Found a sand-covered staircase.
  5306 | Ossuary  | Entered an ossuary
  5416 | Ossuary  | Reached XP level 9. HP: 62/64 MP: 13/13
  5465 | Ossuary  | Reached skill level 8 in Shields
  5559 | Ossuary  | Reached **** piety under Qazlal
  5979 | D:6      | Found a staircase to the Ecumenical Temple.
  6071 | Temple   | Entered the Ecumenical Temple
  6292 | D:6      | Reached skill level 5 in Armour
  6490 | D:6      | Found a runed translucent door.
  6491 | D:6      | Noticed Crazy Yiuf
  6529 | D:6      | Found a glowing golden altar of the Shining One.
  6725 | D:6      | Killed Crazy Yiuf
  6776 | D:7      | Found Lakefim's Antique Weapon Shop.
  6809 | D:7      | Reached skill level 9 in Shields
  6851 | D:7      | Found Yfow's Book Emporium.
  6885 | D:7      | Found Ocsinuned's General Store.
  6893 | D:7      | Bought a scroll of identify for 28 gold pieces
  6893 | D:7      | Bought a potion of invisibility for 112 gold pieces
  6988 | D:7      | Reached XP level 10. HP: 55/70 MP: 15/15
  7083 | D:7      | Noticed a two-headed ogre
  7083 | D:7      | Noticed a deep elf mage
  7088 | D:7      | Killed a two-headed ogre
  7091 | D:7      | HP: 3/70 [deep elf mage/bolt of magma (13)]
  7094 | D:7      | HP: 1/70 [bullfrog (1)]
  7096 | D:7      | Slain by an orc wizard

Illustrated notes

Levels and vault maps discovered:
D:1:      psy_arrival_terrarium, layout_basic, minmay_distorted
D:2:      layout_basic, grunt_qazlal_sundering, serial_curves, eino_curves_01,
          eino_curves_02, uniq_jessica
D:3:      minmay_goblin_kobold_castle, layout_loops_cross, ashenzari_altar_1,
          uniq_robin
D:4:      layout_rooms, kennysheep_little_box, fedhas_altar_fruit_tree,
          uniq_edmund
D:5:      layout_layer_cave, nemelex_xobeh_ov_fountains_minmay, serial_shops,
          nicolae_shop_stone, nrook_pool_corridor
D:6:      layout_basic, nicolae_tso_swordbearing_angel,
          minmay_temple_entry_nine_rooms, chequers_ossuary_entry_cave,
          lemuel_old_faithful, uniq_crazy_yiuf_cottage
D:7:      minmay_chambers_of_sevens, layout_basic, serial_shops,
          nicolae_shop_competitors_out_of_business, shop, shop_fountains,
          kennysheep_mini_moat, nicolae_shop_statue_plus,
          nicolae_ru_great_annihilating_truth
Temple:   nicolae_temple_elliptical

Skill      XL: |  1  2  3  4  5  6  7  8  9 10 |
---------------+-------------------------------+-----
Shields        | 4 5 6 7 9 |  9.9
Axes           | 3 4 5 6 7 8 |  8.0
Invocations    | 1 2 4 5 7 8 |  8.4
Evocations     | 1 2 3 |  3.3
Armour         | 5 6 |  6.6
Fighting       | |  3.2

Action                   |  1- 3 |  4- 6 |  7- 9 | 10-12 || total
-------------------------+-------+-------+-------+-------++-------
Melee: War axe           |   119 |   133 |   357 |    55 ||   664
       Dire flail        |       |       |    41 |       ||    41
       Kick              |       |       |    61 |    17 ||    78
 Abil: Dig               |     1 |       |    13 |     1 ||    15
  Use: Scroll            |     9 |     2 |     4 |       ||    15
       Potion            |     1 |       |     1 |       ||     2
Armor: Scale mail        |    45 |    32 |    41 |       ||   118
       Plate armour      |       |       |    59 |    17 ||    76
Dodge: Dodged            |    19 |    39 |    55 |     7 ||   120
Block: Kite shield       |    15 |       |       |       ||    15
       Tower shield      |    70 |   156 |   479 |    74 ||   779

Table legend: (Time is in decaauts)
 A = Elapsed time spent in this place.
 B = Non-inter-level travel time spent in this place.
 C = Inter-level travel time spent in this place.
 D = Time resting spent in this place.
 E = Time spent auto-exploring this place.
 F = Levels seen in this place.
 G = Mean time per level.
                   A        B        C        D        E       F      G
               +--------+--------+--------+--------+--------+-----+--------+
         Total |   7367 |   7074 |    293 |     61 |   5041 |   9 |  818.6 |
       Dungeon |   6579 |   6315 |    264 |     61 |   4598 |   7 |  939.9 |
        Temple |    143 |    115 |     28 |      0 |    115 |   1 |  143.0 |
       Ossuary |    644 |    644 |      0 |      0 |    327 |   1 |  644.0 |
               +--------+--------+--------+--------+--------+-----+--------+

Top non-repeatable levels by time:
     D:3: 1845 daAuts
     D:5: 1240 daAuts
     D:6: 970 daAuts
     D:2: 890 daAuts
     D:1: 855 daAuts
 Ossuary: 644 daAuts
     D:4: 428 daAuts
     D:7: 348 daAuts
  Temple: 143 daAuts
